TOP OF THE 1ST |
Canton Indians batting - Pitching for Southern Maryland Blue Crabs : RHP Olaf Barker
|
Pitching: RHP Olaf Barker
|
|
Batting: RHB Aaron Stout
|
0-0: SINGLE (Flyball, 8RS, EV 85.6 MPH)
|
Batting: SHB Luis de Leon
|
0-0: Ball 1-0: Ball 2-0: Called Strike 2-1: Ball 3-1: Base on Balls Aaron Stout to second
|
Batting: RHB Antonio Oyola
|
0-0: Ball 1-0: Ball 2-0: Called Strike 2-1: Foul Ball, location: 2F 2-2: Strikes out looking
|
Batting: RHB Josh Patterson
|
0-0: Foul Ball, location: 2F 0-1: Ball 1-1: Foul Ball, location: 2F 1-2: Ball 2-2: Strikes out looking
|
Batting: RHB Leo Villa
|
0-0: Ball 1-0: Foul Ball, location: 2F 1-1: Called Strike 1-2: Strikes out swinging
|
Top of the 1st over - 0 runs, 1 hit, 0 errors, 2 left on base; Canton 0 - Southern Maryland 0 |
BOTTOM OF THE 1ST |
Southern Maryland Blue Crabs batting - Pitching for Canton Indians : RHP Benito de la Torre
|
Pitching: RHP Benito de la Torre
|
|
Batting: LHB Edwin Cabral
|
0-0: Called Strike 0-1: Foul Ball, location: 2F 0-2: Strikes out swinging
|
Batting: SHB Eric Kelley
|
0-0: Foul Ball, location: 2F 0-1: Foul Ball, location: 2F 0-2: Ball 1-2: Ground out U3 (Groundball, 3, EV 78.8 MPH)
|
Batting: LHB Chris Cohen
|
0-0: Foul Ball, location: 2F 0-1: Swinging Strike 0-2: Ball 1-2: Ball 2-2: Ground out 4-3 (Groundball, 4, EV 85.0 MPH)
|
Bottom of the 1st over - 0 runs, 0 hits, 0 errors, 0 left on base; Canton 0 - Southern Maryland 0 |
TOP OF THE 2ND |
Canton Indians batting - Pitching for Southern Maryland Blue Crabs : RHP Olaf Barker
|
Batting: RHB Tacito Carreiro
|
0-0: Ball 1-0: Swinging Strike 1-1: Foul Ball, location: 2F 1-2: Strikes out looking
|
Batting: RHB Xavier Bartolani
|
0-0: Ball 1-0: Foul Ball, location: 2F 1-1: Called Strike 1-2: Ball 2-2: Strikes out swinging
|
Batting: RHB Juan Ordonez
|
0-0: Called Strike 0-1: Ball 1-1: Ground out 4-3 (Groundball, 34, EV 87.5 MPH)
|
Top of the 2nd over - 0 runs, 0 hits, 0 errors, 0 left on base; Canton 0 - Southern Maryland 0 |
BOTTOM OF THE 2ND |
Southern Maryland Blue Crabs batting - Pitching for Canton Indians : RHP Benito de la Torre
|
Batting: RHB Maup Gommers
|
0-0: Ball 1-0: Swinging Strike 1-1: Ball 2-1: Foul Ball, location: 2F 2-2: Ball 3-2: Base on Balls
|
Batting: LHB Xue-liang Zhou
|
0-0: Ball 1-0: Swinging Strike 1-1: Ball 2-1: Called Strike 2-2: Ball 3-2: Fly out, F7 (Flyball, 7, EV 91.2 MPH)
|
Batting: RHB Jonathan Mendoza
|
0-0: Fly out, F2 (Popup, 23F, EV 86.2 MPH)
|
Batting: SHB Carlos Carrillo
|
0-0: Ball 1-0: Ball 2-0: SINGLE (Groundball, 34D, EV 95.6 MPH) Maup Gommers to second Runner from 2nd tries for 3rd, SAFE, throw by RF made to third
|
Batting: LHB Pat Fontana
|
0-0: Ball 1-0: Ball 2-0: Called Strike 2-1: DOUBLE (Line Drive, 9LM, EV 107.5 MPH) Maup Gommers scores Carlos Carrillo to third
|
Batting: LHB Taylor Plummer
|
0-0: Ball 1-0: Fly out, F7 (Line Drive, 7, EV 92.5 MPH)
|
Bottom of the 2nd over - 1 run, 2 hits, 0 errors, 2 left on base; Canton 0 - Southern Maryland 1 |
TOP OF THE 3RD |
Canton Indians batting - Pitching for Southern Maryland Blue Crabs : RHP Olaf Barker
|
Batting: RHB Patrick Pinault
|
0-0: Called Strike 0-1: Ball 1-1: Swinging Strike 1-2: Foul Ball, location: 2F 1-2: Strikes out swinging
|
Batting: RHB Aaron Stout
|
0-0: Swinging Strike 0-1: Called Strike 0-2: Foul Ball, location: 2F 0-2: TRIPLE (Flyball, 7D, EV 86.2 MPH)
|
Batting: SHB Luis de Leon
|
0-0: Ball 1-0: Called Strike 1-1: Foul Ball, location: 2F 1-2: Ball 2-2: Strikes out swinging
|
Batting: RHB Antonio Oyola
|
0-0: Ball 1-0: Ball 2-0: Ball 3-0: Called Strike 3-1: Base on Balls
|
Batting: RHB Josh Patterson
|
0-0: Swinging Strike 0-1: Ball 1-1: Swinging Strike 1-2: Strikes out swinging
|
Top of the 3rd over - 0 runs, 1 hit, 0 errors, 2 left on base; Canton 0 - Southern Maryland 1 |
BOTTOM OF THE 3RD |
Southern Maryland Blue Crabs batting - Pitching for Canton Indians : RHP Benito de la Torre
|
Batting: LHB Edwin Cabral
|
0-0: Foul Ball, location: 2F 0-1: Called Strike 0-2: Fly out, F8 (Flyball, 89S, EV 83.1 MPH)
|
Batting: SHB Eric Kelley
|
0-0: Called Strike 0-1: Ball 1-1: Called Strike 1-2: Ball 2-2: SINGLE (Groundball, 25, EV 71.2 MPH) (infield hit)
|
Batting: LHB Chris Cohen
|
0-0: Fly out, F7 (Line Drive, 7S, EV 96.2 MPH)
|
Batting: RHB Maup Gommers
|
0-0: Ball Eric Kelley steals 2nd base (no throw) 1-0: SINGLE (Flyball, 4D, EV 95.6 MPH) Eric Kelley to third Runner from 3rd tries for Home, SAFE, throw by RF to home
|
Batting: LHB Xue-liang Zhou
|
0-0: Called Strike 0-1: Ball 1-1: Ground out U3 (Groundball, 3, EV 84.4 MPH)
|
Bottom of the 3rd over - 1 run, 2 hits, 0 errors, 1 left on base; Canton 0 - Southern Maryland 2 |
TOP OF THE 4TH |
Canton Indians batting - Pitching for Southern Maryland Blue Crabs : RHP Olaf Barker
|
Batting: RHB Leo Villa
|
0-0: Foul Ball, location: 2F 0-1: Ball 1-1: Foul Ball, location: 2F 1-2: Foul Ball, location: 2F 1-2: Foul Ball, location: 2F 1-2: Ball 2-2: Ball 3-2: Foul Ball, location: 2F 3-2: Strikes out looking
|
Batting: RHB Tacito Carreiro
|
0-0: Foul Ball, location: 2F 0-1: Foul Ball, location: 2F 0-2: Ball 1-2: Ball 2-2: Foul Ball, location: 2F 2-2: Ball 3-2: DOUBLE (Line Drive, 89XD, EV 103.1 MPH)
|
Batting: RHB Xavier Bartolani
|
0-0: Ball 1-0: Foul Ball, location: 2F 1-1: Ball 2-1: Foul Ball, location: 2F 2-2: Fly out, F2 (Popup, 3SF, EV 80.0 MPH)
|
Batting: RHB Juan Ordonez
|
0-0: Ball 1-0: Foul Ball, location: 2F 1-1: Foul Ball, location: 2F 1-2: Foul Ball, location: 2F 1-2: Foul Ball, location: 2F 1-2: Foul Ball, location: 2F 1-2: Ball Wild Pitch! Tacito Carreiro to third 2-2: DOUBLE (Groundball, 5L, EV 99.4 MPH) Tacito Carreiro scores
|
Batting: RHB Patrick Pinault
|
0-0: Called Strike 0-1: Ball 1-1: Swinging Strike 1-2: Strikes out swinging
|
Top of the 4th over - 1 run, 2 hits, 0 errors, 1 left on base; Canton 1 - Southern Maryland 2 |
BOTTOM OF THE 4TH |
Southern Maryland Blue Crabs batting - Pitching for Canton Indians : RHP Benito de la Torre
|
Batting: RHB Jonathan Mendoza
|
0-0: Foul Ball, location: 2F 0-1: Foul Ball, location: 2F 0-2: Ball 1-2: Strikes out swinging
|
Batting: SHB Carlos Carrillo
|
0-0: Ball 1-0: Ball 2-0: Called Strike 2-1: Foul Ball, location: 2F 2-2: Strikes out looking
|
Batting: LHB Pat Fontana
|
0-0: Called Strike 0-1: SINGLE (Line Drive, 8RS, EV 92.5 MPH)
|
Batting: LHB Taylor Plummer
|
0-0: Ball 1-0: Called Strike 1-1: Ground out U3 (Groundball, 3S, EV 82.5 MPH)
|
Bottom of the 4th over - 0 runs, 1 hit, 0 errors, 1 left on base; Canton 1 - Southern Maryland 2 |
TOP OF THE 5TH |
Canton Indians batting - Pitching for Southern Maryland Blue Crabs : RHP Olaf Barker
|
Batting: RHB Aaron Stout
|
0-0: Ball 1-0: Ball 2-0: Ball 3-0: Base on Balls
|
Batting: SHB Luis de Leon
|
0-0: Swinging Strike 0-1: Ball 1-1: Grounds into double play, 4-6-3 (Groundball, 34, EV 105.0 MPH)
|
Batting: RHB Antonio Oyola
|
0-0: Ball 1-0: Ball 2-0: Ball 3-0: Called Strike 3-1: Base on Balls
|
Pitching: LHP Sueo Iba
|
|
Batting: RHB Josh Patterson
|
0-0: Ball 1-0: Ball 2-0: Ball 3-0: Called Strike 3-1: Fly out, F8 (Flyball, 8LD, EV 83.8 MPH)
|
Top of the 5th over - 0 runs, 0 hits, 0 errors, 1 left on base; Canton 1 - Southern Maryland 2 |
BOTTOM OF THE 5TH |
Southern Maryland Blue Crabs batting - Pitching for Canton Indians : RHP Benito de la Torre
|
Batting: LHB Edwin Cabral
|
0-0: Fly out, F7 (Flyball, 78D, EV 91.2 MPH)
|
Batting: SHB Eric Kelley
|
0-0: Ball 1-0: Ball 2-0: Ground out 4-3 (Groundball, 4, EV 101.2 MPH)
|
Batting: LHB Chris Cohen
|
0-0: Swinging Strike 0-1: Ball 1-1: Ball 2-1: Fly out, F4 (Line Drive, 4, EV 74.4 MPH)
|
Bottom of the 5th over - 0 runs, 0 hits, 0 errors, 0 left on base; Canton 1 - Southern Maryland 2 |
TOP OF THE 6TH |
Canton Indians batting - Pitching for Southern Maryland Blue Crabs : LHP Sueo Iba
|
Batting: RHB Leo Villa
|
0-0: Called Strike 0-1: Ball 1-1: Ground out 4-3 (Groundball, 4, EV 88.1 MPH)
|
Batting: RHB Tacito Carreiro
|
0-0: Fly out, F7 (Flyball, 78D, EV 95.0 MPH)
|
Batting: RHB Xavier Bartolani
|
0-0: Called Strike 0-1: Foul Ball, location: 2F 0-2: Ball 1-2: Strikes out swinging
|
Top of the 6th over - 0 runs, 0 hits, 0 errors, 0 left on base; Canton 1 - Southern Maryland 2 |
BOTTOM OF THE 6TH |
Southern Maryland Blue Crabs batting - Pitching for Canton Indians : RHP Benito de la Torre
|
Batting: RHB Maup Gommers
|
0-0: Ball 1-0: SINGLE (Groundball, 6, EV 95.6 MPH)
|
Batting: LHB Xue-liang Zhou
|
0-0: Ball 1-0: Foul Ball, location: 2F 1-1: Grounds into double play, 4-6-3 (Groundball, 4S, EV 85.0 MPH)
|
Batting: RHB Jonathan Mendoza
|
0-0: Ball 1-0: Ball 2-0: Foul Ball, location: 2F 2-1: Ball 3-1: Swinging Strike 3-2: Ground out 5-3 (Groundball, 5S, EV 69.4 MPH)
|
Bottom of the 6th over - 0 runs, 1 hit, 0 errors, 0 left on base; Canton 1 - Southern Maryland 2 |
TOP OF THE 7TH |
Canton Indians batting - Pitching for Southern Maryland Blue Crabs : LHP Sueo Iba
|
Batting: RHB Juan Ordonez
|
0-0: Ball 1-0: Ball 2-0: Ball 3-0: Base on Balls
|
Batting: RHB Patrick Pinault
|
0-0: Sac Bunt to 15 - play at first, batter OUT! 1-3 Juan Ordonez to second
|
Batting: RHB Aaron Stout
|
0-0: Foul Ball, location: 2F 0-1: Foul Ball, location: 2F 0-2: 2-RUN HOME RUN (Flyball, 7LD, EV 91.2 MPH), Distance : 347 ft
|
Batting: SHB Luis de Leon
|
0-0: Called Strike 0-1: Swinging Strike 0-2: Ground out 6-3 (Groundball, 6, EV 88.1 MPH)
|
Batting: RHB Antonio Oyola
|
0-0: Called Strike 0-1: Swinging Strike 0-2: Ball 1-2: Strikes out swinging
|
Top of the 7th over - 2 runs, 1 hit, 0 errors, 0 left on base; Canton 3 - Southern Maryland 2 |
BOTTOM OF THE 7TH |
Southern Maryland Blue Crabs batting - Pitching for Canton Indians : RHP Benito de la Torre
|
Batting: SHB Carlos Carrillo
|
0-0: Swinging Strike 0-1: Ball 1-1: Ball 2-1: Ball 3-1: Fly out, F8 (Flyball, 78M, EV 81.9 MPH)
|
Batting: LHB Pat Fontana
|
0-0: Ball 1-0: Ball 2-0: Ball 3-0: Base on Balls
|
Pinch Hitting: RHB Kevin Popowicz
|
0-0: Ball Pat Fontana steals 2nd base 1-0: Ball 2-0: Called Strike 2-1: Ground out 5-3 (Groundball, 5L, EV 81.9 MPH)
|
Pinch Hitting: RHB Minoru Matsumoto
|
0-0: Called Strike 0-1: Foul Ball, location: 2F 0-2: Ball 1-2: SINGLE (Line Drive, 34D, EV 96.9 MPH) Pat Fontana to third Runner from 3rd tries for Home, SAFE, throw by RF to home
|
Pitching: RHP Kenny Samuels
|
|
Batting: SHB Eric Kelley
|
0-0: Swinging Strike 0-1: Swinging Strike 0-2: Ball 1-2: Foul Ball, location: 2F 1-2: Ball 2-2: Strikes out swinging
|
Bottom of the 7th over - 1 run, 1 hit, 0 errors, 1 left on base; Canton 3 - Southern Maryland 3 |
TOP OF THE 8TH |
Canton Indians batting - Pitching for Southern Maryland Blue Crabs : LHP Sueo Iba
|
Now at 2B: Kevin Popowicz
|
|
Now in CF: Alfredo Reguera
|
|
Batting: RHB Josh Patterson
|
0-0: Ball 1-0: Ball 2-0: Called Strike 2-1: Ball 3-1: Base on Balls
|
Batting: RHB Leo Villa
|
0-0: Fly out, F8 (Line Drive, 89D, EV 90.6 MPH)
|
Batting: RHB Tacito Carreiro
|
0-0: Ball 1-0: Fly out, F7 (Flyball, 78S, EV 82.5 MPH)
|
Pinch Hitting: RHB Nick Gossman
|
0-0: Ball 1-0: Ball 2-0: Ball 3-0: Called Strike 3-1: Base on Balls Josh Patterson to second
|
Batting: RHB Juan Ordonez
|
0-0: Called Strike 0-1: Fielders Choice at 2nd, 5-4 (Groundball, 56, EV 96.9 MPH)
|
Top of the 8th over - 0 runs, 0 hits, 0 errors, 2 left on base; Canton 3 - Southern Maryland 3 |
BOTTOM OF THE 8TH |
Southern Maryland Blue Crabs batting - Pitching for Canton Indians : RHP Kenny Samuels
|
Now in RF: Jason Roberts
|
|
Batting: LHB Chris Cohen
|
0-0: Ball 1-0: SINGLE (Line Drive, 56D, EV 108.8 MPH)
|
Batting: RHB Maup Gommers
|
0-0: Ball Chris Cohen is caught stealing 2nd base 2-4 1-0: Called Strike 1-1: Fly out, F9 (Flyball, 89S, EV 77.5 MPH)
|
Batting: LHB Xue-liang Zhou
|
0-0: Called Strike 0-1: Ball 1-1: Ball 2-1: Foul Ball, location: 2F 2-2: Strikes out swinging
|
Bottom of the 8th over - 0 runs, 1 hit, 0 errors, 0 left on base; Canton 3 - Southern Maryland 3 |
TOP OF THE 9TH |
Canton Indians batting - Pitching for Southern Maryland Blue Crabs : LHP Sueo Iba
|
Pitching: LHP Ronnie Pickering
|
|
Batting: RHB Patrick Pinault
|
0-0: Ball 1-0: Ball 2-0: Foul Ball, location: 2F 2-1: Fly out, F7 (Flyball, 7, EV 80.6 MPH)
|
Batting: RHB Aaron Stout
|
0-0: Foul Ball, location: 2F 0-1: Ball 1-1: Ball 2-1: Swinging Strike 2-2: Strikes out looking
|
Pinch Hitting: RHB Justin Teague
|
0-0: Called Strike 0-1: Foul Ball, location: 2F 0-2: Strikes out swinging
|
Top of the 9th over - 0 runs, 0 hits, 0 errors, 0 left on base; Canton 3 - Southern Maryland 3 |
BOTTOM OF THE 9TH |
Southern Maryland Blue Crabs batting - Pitching for Canton Indians : RHP Kenny Samuels
|
Now at 1B: Carlos Manriquez
|
|
Batting: RHB Jonathan Mendoza
|
0-0: DOUBLE (Line Drive, 78M, EV 105.6 MPH)
|
Batting: SHB Carlos Carrillo
|
0-0: Called Strike 0-1: Ball 1-1: Foul Ball, location: 2F 1-2: Fly out, F5 (Line Drive, 56, EV 72.5 MPH) Lined into DP, 5-4 (Line Drive, 56, EV 70.0 MPH)
|
Batting: LHB Pat Fontana
|
0-0: Called Strike 0-1: Fly out, F9 (Flyball, 89M, EV 88.8 MPH)
|
Bottom of the 9th over - 0 runs, 1 hit, 0 errors, 0 left on base; Canton 3 - Southern Maryland 3 |
TOP OF THE 10TH |
Canton Indians batting - Pitching for Southern Maryland Blue Crabs : LHP Ronnie Pickering
|
Batting: RHB Antonio Oyola
|
0-0: Ball 1-0: Swinging Strike 1-1: Ball 2-1: Foul Ball, location: 2F 2-2: Strikes out swinging
|
Batting: RHB Josh Patterson
|
0-0: Swinging Strike 0-1: Foul Ball, location: 2F 0-2: Ball 1-2: Foul Ball, location: 2F 1-2: Strikes out swinging
|
Batting: LHB Justin Eargle
|
0-0: Ball 1-0: Ground out U3 (Groundball, 13, EV 88.1 MPH)
|
Top of the 10th over - 0 runs, 0 hits, 0 errors, 0 left on base; Canton 3 - Southern Maryland 3 |
BOTTOM OF THE 10TH |
Southern Maryland Blue Crabs batting - Pitching for Canton Indians : RHP Kenny Samuels
|
Batting: RHB Kevin Popowicz
|
0-0: Ball 1-0: Ball 2-0: Ball 3-0: Base on Balls
|
Batting: RHB Alfredo Reguera
|
0-0: Ball 1-0: Sac Bunt to 5S - play at second, runner safe!
|
Batting: SHB Eric Kelley
|
0-0: Called Strike 0-1: Ball 1-1: SINGLE (Groundball, 4D, EV 106.2 MPH) Kevin Popowicz to third Alfredo Reguera to second Runner from 3rd tries for Home, SAFE, throw by RF to home
|
Bottom of the 10th over - 1 run, 1 hit, 0 errors, 2 left on base; Canton 3 - Southern Maryland 4 |
|